 Dungeon Crawl Stone Soup version 0.30-a0-626-gd6a5dd7a1f (webtiles) character file.

Game seed: 17001450316816900040

47 Citaku the Covered (level 3, -3/33 HPs)
             Began as a Minotaur Fighter on Jan 11, 2023.
             Slain by a gnoll
             ... wielding a +0 club
              (7 damage)
             ... on level 2 of the Dungeon.
             The game lasted 00:01:28 (1248 turns).

Citaku the Covered (Minotaur Fighter)               Turns: 1248, Time: 00:01:28

Health: -3/33      AC:  7    Str: 22    XL:     3   Next: 48%
Magic:  2/2        EV:  9    Int:  5    God:
Gold:   74         SH:  4    Dex:  9    Spells: 2/2 levels left

rFire   . . .      SeeInvis .    a - +0 war axe
rCold   . . .      Faith    .    c - +0 buckler
rNeg    . . .      Spirit   .    b - +0 scale mail
rPois   .          Reflect  .    (helmet restricted)
rElec   .          Harm     .    (no cloak)
rCorr   .          Rampage  .    (no gloves)
Will    .....                    (no boots) Stlth
                                 (no amulet)
HPRegen 0.25/turn                (no ring)
MPRegen 0.08/turn                (no ring)

@: no status effects
A: horns 2, retaliatory headbutt
a: no special abilities


You were on level 2 of the Dungeon.
You visited 1 branch of the dungeon, and saw 2 of its levels.

You collected 74 gold pieces.

Inventory:

Hand Weapons
 a - a +0 war axe (weapon)
Armour
 b - a +0 scale mail (worn)
 c - a +0 buckler (worn)
Scrolls
 e - a scroll of enchant weapon {unknown}
 h - a scroll of teleportation {unknown}
 j - a scroll of noise {unknown}
 l - a scroll of silence {unknown}
Potions
 d - a potion of might
 f - a potion of heal wounds {unknown}
 g - a potion of curing {unknown}
 i - 2 potions of berserk rage {unknown}
 k - a potion of degeneration {unknown}


   Skills:
 + Level 4.0 Fighting
 * Level 3.3 Axes
 * Level 4.3 Armour
 + Level 4.0 Shields


You had 2 spell levels left.
You didn't know any spells.
Your spell library was empty.

Dungeon Overview and Level Annotations

Branches:
Dungeon (2/15)

Altars:


Innate Abilities, Weirdness & Mutations

You have a pair of horns on your head.
You reflexively headbutt those who attack you in melee.


Message History

You kill the gnoll!
The gnoll throws a throwing net.
The throwing net hits you.
You become entangled in the net!
Your Fighting skill increases to level 4!
You have reached level 3!
Your experience leads to an increase in your attributes!
Increase (S)trength, (I)ntelligence, or (D)exterity?
You feel stronger. x2
You struggle against the net.
The gnoll hits you but does no damage.
You struggle against the net.
A rat comes into view.
The gnoll hits you but does no damage.
You struggle against the net.
The gnoll hits you from afar with a +0 spear!
You shred the net and break free!
The gnoll hits you from afar with a +0 spear.
The gnoll hits you but does no damage.
You barely miss the gnoll. The gnoll barely misses you.
You furiously retaliate!
You headbutt the gnoll! The gnoll hits you with a +0 spear.
You closely miss the gnoll. Your headbutt misses the gnoll.
The gnoll is severely wounded.
The gnoll hits you with a +0 spear.
* * * LOW HITPOINT WARNING * * *
You hit the gnoll.
You kill the gnoll!
Your Shields skill increases to level 4!
You barely miss the gnoll. Your headbutt misses the gnoll.
The gnoll barely misses you. You block the gnoll's attack.
You closely miss the gnoll. Your headbutt misses the gnoll.
The gnoll closely misses you.
You hit the gnoll. You headbutt the gnoll.
The gnoll is heavily wounded.
The gnoll hits you with a +0 club.
* * * LOW HITPOINT WARNING * * *
The gnoll hits you but does no damage.
You barely miss the gnoll.
The gnoll is heavily wounded.
The gnoll hits you with a +0 club!
You die...

#..###.#######
#..##........#
#..##..#...#.#
#..##...# .#
#..##...# ..##..
#.......###.....>
#.....##.rr#
#########g## #@#
#.# #.# #........
#########


You could see a gnoll and 2 rats.

Vanquished Creatures
  3 gnolls (D:2)
  An endoplasm (D:1)
  A giant cockroach (D:2)
  A goblin (D:1)
  2 hobgoblins (D:1)
  2 kobolds (D:2)
  A quokka (D:1)
  2 bats
  A frilled lizard (D:1)
  4 rats
18 creatures vanquished.

Notes
Turn   | Place    | Note
-------+----------+-------------------------------------------
     0 | D:1      | Citaku the Minotaur Fighter began the quest for the Orb.
     0 | D:1      | Reached XP level 1. HP: 19/19 MP: 0/0
   654 | D:1      | You fall into a shaft and drop 1 floor!
   680 | D:2      | Reached XP level 2. HP: 22/27 MP: 1/1
  1235 | D:2      | Reached XP level 3. HP: 25/33 MP: 2/2
  1248 | D:2      | Slain by a gnoll

Illustrated notes

Levels and vault maps discovered:
D:1:      minmay_arrival_nine_rooms, layout_basic, roderic_lattice_a,
          chequers_garden
D:2:      layout_loops_ring, minmay_hexomino_c4

Skill      XL: |  1  2  3 |
---------------+----------+-----
Armour         | 4 |  4.3
Axes           | 3 |  3.3
Fighting       | 4 |  4.0
Shields        | 4 |  4.0

Action                   || total
-------------------------++-------
Melee: War axe           ||    33
       Headbutt          ||     2
Armor: Scale mail        ||    16
Dodge: Dodged            ||    19
Block: Buckler           ||     9

Table legend: (Time is in decaauts)
 A = Elapsed time spent in this place.
 B = Non-inter-level travel time spent in this place.
 C = Inter-level travel time spent in this place.
 D = Time resting spent in this place.
 E = Time spent auto-exploring this place.
 F = Levels seen in this place.
 G = Mean time per level.
                   A        B        C        D        E       F      G
               +--------+--------+--------+--------+--------+-----+--------+
         Total |   1260 |   1260 |      0 |      0 |   1053 |   2 |  630.0 |
       Dungeon |   1260 |   1260 |      0 |      0 |   1053 |   2 |  630.0 |
               +--------+--------+--------+--------+--------+-----+--------+

Top non-repeatable levels by time:
     D:1: 1063 daAuts
     D:2: 196 daAuts
